 Dungeon Crawl Stone Soup version 0.29-a0-857-g9b1aa3ac5b (webtiles) character file.

Game seed: 3271373182729289534

78 nxtlvl the Cutter (level 4, 0/27 HPs)
             Began as a Deep Elf Monk on July 17, 2022.
             Slain by a gnoll
             ... wielding a +0 whip
             ... led by a gnoll bouda
              (4 damage)
             ... on level 4 of the Dungeon.
             The game lasted 00:11:32 (1140 turns).

nxtlvl the Cutter (Deep Elf Monk)                   Turns: 1140, Time: 00:11:33

Health: 0/27       AC:  3    Str:  8    XL:     4   Next: 15%
Magic:  4/8        EV: 13    Int: 23    God:
Gold:   53         SH:  0    Dex: 17    Spells: 5/6 levels left

rFire   . . .      SeeInvis .   a - +0 dagger (protect)
rCold   . . .      Faith    .   (no shield)
rNeg    . . .      Spirit   .   j - +0 leather armour
rPois   .          Reflect  .   (no helmet)
rElec   .          Harm     .   (no cloak)
rCorr   .          Rampage  .   (no gloves)
Will    .....                   (no boots)
Stlth   ++........              (no amulet)
HPRegen 0.09/turn               l - +6 ring of intelligence
MPRegen 0.11/turn               (no ring)

@: very slightly contaminated
A: no striking features
a: no special abilities


You were on level 4 of the Dungeon.
You visited 1 branch of the dungeon, and saw 4 of its levels.

You collected 53 gold pieces.

Inventory:

Hand Weapons
 a - a +0 dagger of protection (weapon)
Missiles
 o - 8 stones (quivered)
Armour
 b - a +0 robe
 j - a +0 leather armour (worn)
Magical Staves
 n - a staff of air
Jewellery
 l - a +6 ring of intelligence (left hand)
Scrolls
 f - a scroll of identify {unknown}
 g - 2 scrolls of teleportation {unknown}
 i - 2 scrolls of magic mapping {unknown}
 m - a scroll of enchant armour {unknown}
Potions
 c - a potion of ambrosia
 e - a potion of lignification {unknown}
 h - 2 potions of curing {unknown}
 k - a potion of flight {unknown}


   Skills:
 - Level 2.4 Fighting
 + Level 4.4 Short Blades
 - Level 3.6 Dodging
 - Level 2.4 Stealth
 + Level 1.5 Spellcasting
 * Level 1.8 Earth Magic


You had 5 spell levels left.
You knew the following spells:

 Your Spells              Type           Power      Damage    Failure   Level
z - Sandblast             Erth           20%        2d7       10%         1

Your spell library contained the following spells:

 Spells                   Type           Power      Damage    Failure   Level
 Passwall                 Tmut/Erth      5%         N/A       21%         2
 Stone Arrow              Conj/Erth      12%        3d7       38%         3


Dungeon Overview and Level Annotations

Branches:
Dungeon (4/15)             Temple (0/1) D:4

Altars:
Xom
The Shining One

Shops:
D:4 (

Annotations:
D:3 Grinder


Message History

The gnoll is moderately wounded.
The gnoll closely misses you.
Unknown command.
Casting: Sandblast (safe; 10% risk of failure)
Confirm with . or Enter, or press ? or * to list all spells.
Aiming: Sandblast (safe; 10% risk of failure)
Press: ? - help, Shift-Dir - straight line, f/p - orc
Aim: an orc, wielding a +0 trident and wearing a +0 leather armour (79% to hit)
The blast of sand misses the gnoll.
The blast of sand hits the orc.
The orc is heavily wounded.
The gnoll looks more healthy.
The orc barely misses you. The gnoll hits you with a +0 whip.
* * * LOW HITPOINT WARNING * * *
The orc hits you from afar with a +0 trident.
* * * LOW HITPOINT WARNING * * *
The gnoll closely misses you.
Unknown command.
Casting: Sandblast (safe; 10% risk of failure)
Confirm with . or Enter, or press ? or * to list all spells.
Aiming: Sandblast (safe; 10% risk of failure)
Press: ? - help, Shift-Dir - straight line, f/p - orc
Aim: an orc, wielding a +0 trident and wearing a +0 leather armour (heavily wounded, 79% to hit)
You miscast Sandblast.
You are very lightly contaminated with residual magic.
Nothing appears to happen.
The orc barely misses you. The gnoll hits you with a +0 whip.
* * * LOW HITPOINT WARNING * * *
The gnoll barely misses you. The orc barely misses you.
Unknown command.
Unknown command.
Casting: Sandblast (safe; 10% risk of failure)
Confirm with . or Enter, or press ? or * to list all spells.
Aiming: Sandblast (safe; 10% risk of failure)
Press: ? - help, Shift-Dir - straight line, f/p - orc
Aim: an orc, wielding a +0 trident and wearing a +0 leather armour (heavily wounded, 79% to hit)
The blast of sand hits the gnoll.
The gnoll is moderately wounded.
The orc closely misses you. The gnoll barely misses you.
The orc barely misses you. The gnoll hits you with a +0 whip.
You die...

#.####.# #)#########
#......# #.........#
######## #.#######.#
###########.## #.#
#.........##..######.##
#.#)##......#'#........
#.#.##..#.###.######...
#.#.....#.#.#.######...
#....#@##...#∩#....h...
##....g.##.#...≈.#####..
#....o..##.##..≈.# ##.
##..(......###>### #.
#....###### #.# #. ###
#(#.## ###.# #. ..#
#(### ##.#'## ## #.#
#####.##### ##.....##
#.#
#.........###.......##


You could see a gnoll and an orc.

Vanquished Creatures
  An iguana (D:4)
  2 adders
  2 orcs
  2 endoplasms (D:4)
  4 giant cockroaches
  3 goblins
  2 hobgoblins (D:3)
  3 jackals (D:4)
  4 kobolds
  4 ball pythons
  A frilled lizard (D:1)
  2 rats (D:3)
30 creatures vanquished.

Vanquished Creatures (others)
  2 plants (D:4)
2 creatures vanquished.

Grand Total: 32 creatures vanquished

Notes
Turn   | Place    | Note
-------+----------+-------------------------------------------
     0 | D:1      | nxtlvl the Deep Elf Monk began the quest for the Orb.
     0 | D:1      | Reached XP level 1. HP: 13/13 MP: 3/3
   121 | D:3      | Reached XP level 2. HP: 17/18 MP: 4/4
   337 | D:3      | Reached skill level 4 in Short Blades
   445 | D:3      | Learned a level 1 spell: Sandblast
   539 | D:3      | Noticed Grinder
   664 | D:4      | Reached XP level 3. HP: 22/22 MP: 5/5
   727 | D:4      | Found Japaqak's Weapon Shoppe.
   844 | D:4      | Reached skill level 1 in Spellcasting
   844 | D:4      | Reached skill level 1 in Earth Magic
   943 | D:4      | Found a glowing golden altar of the Shining One.
   943 | D:4      | Found a shimmering altar of Xom.
  1015 | D:4      | Reached XP level 4. HP: 8/27 MP: 4/8
  1082 | D:4      | Found a staircase to the Ecumenical Temple.
  1140 | D:4      | Slain by a gnoll

Illustrated notes

Levels and vault maps discovered:
D:1:      mrwooster_arrival_arrow, layout_basic, ebering_ecumenical_altar_ruins,
          nrook_mini_vaults, chequers_hall_statues_wall_a
D:2:      layout_loops_ring, minmay_tromino_v4_b
D:3:      layout_loops_ring, kennysheep_flooded_box, uniq_crazy_yiuf_cottage,
          uniq_jessica, uniq_grinder
D:4:      layout_loops_corners, chequers_temple_overflow_minitemple,
          minmay_temple_entry_overgrown, serial_shops,
          nicolae_shop_hallway_stairs, cheibrodos_gnoll_hut

Skill      XL: |  1  2  3 |
---------------+----------+-----
Short Blades   | 4 |  4.4
Spellcasting   | 1 |  1.5
Earth Magic    | 1 |  1.8
Fighting       | |  2.4
Dodging        | |  3.6
Stealth        | |  2.4

Action                   |  1- 3 |  4- 6 || total
-------------------------+-------+-------++-------
Melee: Short sword       |    29 |       ||    29
       Dagger            |    89 |     2 ||    91
Throw: Dart              |    20 |     8 ||    28
 Cast: Sandblast         |     3 |     4 ||     7
 Stab: Sleeping          |     5 |       ||     5
Armor: Leather armour    |    21 |     1 ||    22
       Robe              |     1 |       ||     1
Dodge: Dodged            |    63 |    11 ||    74

Table legend: (Time is in decaauts)
 A = Elapsed time spent in this place.
 B = Non-inter-level travel time spent in this place.
 C = Inter-level travel time spent in this place.
 D = Time resting spent in this place.
 E = Time spent auto-exploring this place.
 F = Levels seen in this place.
 G = Mean time per level.
                   A        B        C        D        E       F      G
               +--------+--------+--------+--------+--------+-----+--------+
         Total |   1125 |   1125 |      0 |      0 |     54 |   4 |  281.2 |
       Dungeon |   1125 |   1125 |      0 |      0 |     54 |   4 |  281.2 |
               +--------+--------+--------+--------+--------+-----+--------+

Top non-repeatable levels by time:
     D:4: 596 daAuts
     D:3: 420 daAuts
     D:2: 54 daAuts
     D:1: 53 daAuts
